 Dungeon Crawl Stone Soup version 0.31.0-11-ge490571c62 (webtiles) character file.

Game seed: 17153886171790571765

183 sanka the Cudgeller (level 5, -2/46 HPs)
             Began as a Minotaur Fighter on Jan 27, 2024.
             Succumbed to a scorpion's poison
             ... on level 3 of the Dungeon.
             The game lasted 00:02:32 (2421 turns).

sanka the Cudgeller (Minotaur Fighter)              Turns: 2421, Time: 00:02:33

Health: -2/46      AC:  6    Str: 20    XL:     5   Next: 35%
Magic:  4/4        EV:  9    Int:  5    God:
Gold:   208        SH:  4    Dex: 12    Spells: 4/4 levels left

rFire   . . .        a - +0 flail
rCold   . . .        c - +0 buckler
rNeg    . . .        b - +0 scale mail
rPois   .            (helmet restricted)
rElec   .            (no cloak)
rCorr   .            (no gloves)
SInv    .            (no boots)
Will    .....        (no amulet) Stlth
                     (no ring)
HPRegen 0.27/turn    (no ring)
MPRegen 0.09/turn

%: no passive effects
@: lethally poisoned (-2 -> -23)
A: horns 2, retaliatory headbutt
a: no special abilities


You were on level 3 of the Dungeon.
You visited 1 branch of the dungeon, and saw 3 of its levels.

You collected 208 gold pieces.


Innate Abilities, Weirdness & Mutations

You have a pair of horns on your head.
You reflexively headbutt those who attack you in melee.


   Skills:
 - Level 4.0 Fighting
 + Level 6.6 Maces & Flails
 - Level 3.6 Armour
 - Level 3.6 Shields


You had 4 spell levels left.
You didn't know any spells.
Your spell library contained the following spells:

 Spells                   Type           Power      Damage    Failure   Level
 Sublimation of Blood     Necr           0%         N/A       95%         2
 Petrify                  Alch/Erth      0%         N/A       100%        4
 Irradiate                Conj/Alch      0%         3d11      100%        5

Inventory:

Hand Weapons
 a - a +0 flail (weapon)
Armour
 b - a +0 scale mail (worn)
 c - a +0 buckler (worn)
Jewellery
 l - a ring of resist corrosion
Scrolls
 e - 2 scrolls of identify {unknown}
 g - 2 scrolls of amnesia {unknown}
 i - a scroll of fog {unknown}
 k - a scroll of enchant armour {unknown}
 n - a scroll of fear {unknown}
 p - a scroll of enchant weapon {unknown}
 q - 2 scrolls of teleportation {unknown}
Potions
 d - a potion of might
 f - a potion of curing {unknown}
 h - a potion of heal wounds {unknown}
 j - 2 potions of attraction {unknown}
 m - a potion of degeneration {unknown}
 o - 2 potions of cancellation {unknown}

Dungeon Overview and Level Annotations

Branches:
Dungeon (3/15)

Altars:
Ashenzari
The Shining One

▒............▒▒▒.........▒.
▒..........▒▒............▒▒
▒..........▒▒............▒▒
............................
▒▒▒▒▒▒▒......................
........................
.........................
..........................
.........H▒▒▒▒▒...........
....▒▒▒s▒▒▒ ▒...........
.........?▒ ▒....▒▒▒....
..........▒▒▒......'....
..........▒▒....▒▒▒▒....
............s...▒▒▒▒....
▒...............▒▒......
........))).............
........................


You could see a scorpion.


Message History

There is an open door here.
You closely miss the scorpion. The scorpion stings you.
* * * LOW HITPOINT WARNING * * *
You are poisoned.
The scorpion poisons you!
You barely miss the scorpion.
You feel very sick. You block the scorpion's attack.
Unknown command.
You closely miss the scorpion.
You feel sick. The scorpion stings you.
* * * LOW HITPOINT WARNING * * *
You are lethally poisoned!
The scorpion poisons you!
You sock the scorpion!
The scorpion is severely wounded.
* * * LOW HITPOINT WARNING * * *
You feel very sick. The scorpion stings you.
* * * LOW HITPOINT WARNING * * *
You are more poisoned.
The scorpion poisons you! You block the scorpion's attack.
Unknown command.
You hit the scorpion. Your headbutt misses the scorpion.
The scorpion is severely wounded.
You die...

Action                     |  1- 3 |  4- 6 || total
---------------------------+-------+-------++-------
  Melee: Flail             |    84 |    52 ||   136
         Headbutt          |     6 |     8 ||    14
 Armour: Scale mail        |    64 |    41 ||   105
  Dodge: Dodged            |    29 |    15 ||    44
  Block: Buckler           |    23 |     9 ||    32

Levels and vault maps discovered:
D:1:      sevenhm_arrival_forest_fort_small_4, layout_loops_corners,
          minivault_25
D:2:      layout_loops_ring
D:3:      layout_basic, mainiacjoe_overflow_boulevard, tso_metal_star

Notes
Turn   | Place    | Note
-------+----------+-------------------------------------------
     0 | D:1      | sanka the Minotaur Fighter began the quest for the Orb.
     0 | D:1      | Reached XP level 1. HP: 19/19 MP: 0/0
   411 | D:1      | Reached skill level 4 in Fighting
   411 | D:1      | Reached skill level 3 in Maces & Flails
   411 | D:1      | Reached XP level 2. HP: 27/27 MP: 1/1
  1101 | D:2      | Reached skill level 4 in Maces & Flails
  1101 | D:2      | Reached XP level 3. HP: 33/33 MP: 2/2
  1908 | D:2      | Reached skill level 5 in Maces & Flails
  1908 | D:2      | Reached XP level 4. HP: 23/40 MP: 3/3
  2240 | D:3      | Found a glowing golden altar of the Shining One.
  2301 | D:3      | Found a broken altar of Ashenzari.
  2383 | D:3      | Reached skill level 6 in Maces & Flails
  2383 | D:3      | Reached XP level 5. HP: 46/46 MP: 4/4
  2420 | D:3      | HP: 3/46 [scorpion (4)]
  2421 | D:3      | Succumbed to a scorpion's poison

Vanquished Creatures
  An orc priest (D:3)
  3 orc wizards
  2 adders (D:3)
  A ribbon worm (D:3)
  A dart slug (D:2)
  5 orcs
  6 ball pythons
  4 endoplasms
  2 giant cockroaches
  3 goblins
  5 hobgoblins
  6 kobolds
  7 bats
  3 frilled lizards
  6 rats
55 creatures vanquished.
